 Dungeon Crawl Stone Soup version 0.26.0-45-g9c1d065592 (webtiles) character file.

Game seed: 10815548191622816682

445 Eurus the Ruffian (level 6, -1/47 HPs)
             Began as a Draconian Transmuter on Jan 30, 2021.
             Slain by an ogre
             ... wielding a +0 giant spiked club
              (19 damage)
             ... on level 4 of the Dungeon.
             The game lasted 00:07:35 (4895 turns).

Eurus the Ruffian (Draconian Transmuter)            Turns: 4895, Time: 00:07:35

Health: -1/47      AC:  6    Str: 13    XL:     6   Next: 72%
Magic:  10/11      EV: 12    Int: 14    God:
Gold:   145        SH:  0    Dex: 12    Spells: 9/12 levels left

rFire    . . .     SeeInvis .     - Unarmed
rCold    . . .     Faith    .   (no shield)
rNeg     . . .     Spirit   .   (armour unavailable)
rPois    .         Reflect  .   (helmet currently unavailable)
rElec    .         Harm     .   (no cloak)
rCorr    .         Rampage  .   (no gloves)
Will     .....                  (boots currently unavailable)
Stlth    +.........             (no amulet)
HPRegen  0.15/turn              (no ring)
MPRegen  0.12/turn              (no ring)

@: appendages
A: unfitting armour, horns 2, talons 2, cold-blooded, AC +6
a: End Transformation


You were on level 4 of the Dungeon.
You had grown temporary horns.
You had grown temporary talons.
You visited 1 branch of the dungeon, and saw 6 of its levels.

You collected 145 gold pieces.

Inventory:

Wands
 f - a wand of disintegration (15)
Scrolls
 a - a scroll of immolation {unknown}
 b - 8 scrolls of identify {unknown}
 c - a scroll of remove curse {unknown}
 d - a scroll of random uselessness {unknown}
 h - 2 scrolls of magic mapping {unknown}
 i - a scroll of amnesia {unknown}
Potions
 e - 3 potions of lignification {unknown}
 g - 2 potions of haste {unknown}
 j - a potion of degeneration {unknown}


   Skills:
 - Level 1.1 Fighting
 - Level 1.7 Dodging
 * Level 5.8 Unarmed Combat
 + Level 3.6 Spellcasting
 + Level 4.0 Transmutations


You had 9 spell levels left.
You knew the following spells:

 Your Spells              Type           Power        Failure   Level
a - Beastly Appendage     Tmut           26%          3%          1
b - Wereblood             Tmut           13%          6%          2

Your spell library contained the following spells:

 Spells                   Type           Power        Failure   Level
 Spider Form              Tmut/Pois      4%           26%         3
 Ice Form                 Ice/Tmut       8%           65%         4
 Blade Hands              Tmut           6%           71%         5


Dungeon Overview and Level Annotations

Branches:
Dungeon (6/15)
 Temple: D:4-7

Altars:


Innate Abilities, Weirdness & Mutations

Your plain brown scales are hard. (AC +6)
You cannot fit into any form of body armour.
You are cold-blooded and may be slowed by cold attacks.
You have a pair of horns on your head.
You have razor-sharp toenails.


Message History

Casting: Beastly Appendage (safe; 3% risk of failure)
Confirm with . or Enter, or press ? or * to list all spells.
You grow a pair of large bovine horns.
Your feet morph into talons.
You barely miss the ogre.
The ogre hits you with a +0 giant spiked club.
You hit the ogre but do no damage. Your headbutt misses the ogre.
You punch the ogre, but do no damage. You hit the ogre. You headbutt the ogre!
The ogre is moderately wounded.
The ogre hits you with a +0 giant spiked club!!
Ouch! That really hurt!
You barely miss the ogre. You headbutt the ogre.
The ogre is heavily wounded.
The ogre barely misses you.
You barely miss the ogre.
The ogre is heavily wounded.
You hit the ogre.
The ogre is heavily wounded.
The ogre hits you with a +0 giant spiked club!!
You die...

... #.# #.#
#.# ##'##
##...##
##.....##
##...O...##
#....@....#
+.........+
#...(.....#
##.......##
##...<.##
##...##
##+##


You could see an ogre.

Vanquished Creatures
  An ogre (D:3)
  A bullfrog (D:6)
  Jessica (D:2)
  Terence (D:2)
  An iguana (D:4)
  2 hound zombies (D:5)
  Robin (D:2)
  3 gnolls (D:2)
  4 adders
  3 oozes
  5 worms
  2 dart slugs
  A leopard gecko (D:3)
  5 orcs (D:3)
  6 bats
  5 giant cockroaches
  16 goblins
  6 hobgoblins
  2 jackals
  13 kobolds
  2 quokkas
  3 frilled lizards
  10 rats
94 creatures vanquished.

Notes
Turn   | Place    | Note
-------+----------+-------------------------------------------
     0 | D:1      | Eurus the Draconian Transmuter began the quest for the Orb.
     0 | D:1      | Reached XP level 1. HP: 16/16 MP: 3/3
   416 | D:1      | Reached XP level 2. HP: 23/23 MP: 3/5
   888 | D:2      | Noticed Robin
   909 | D:1      | Reached XP level 3. HP: 18/28 MP: 4/6
  1260 | D:2      | Noticed Terence
  1554 | D:2      | Reached skill level 4 in Unarmed Combat
  1834 | D:2      | Reached XP level 4. HP: 29/35 MP: 5/7
  2540 | D:2      | Killed Robin
  2771 | D:2      | Reached XP level 5. HP: 37/40 MP: 7/9
  2993 | D:2      | Killed Terence
  3139 | D:2      | Noticed Jessica
  3145 | D:2      | Killed Jessica
  3723 | D:3      | Reached skill level 5 in Unarmed Combat
  3780 | D:3      | You fall into a shaft and drop 3 floors!
  3829 | D:6      | Reached XP level 6. HP: 30/47 MP: 8/10
  3967 | D:5      | Entered Level 5 of the Dungeon
  4058 | D:5      | Noticed a sky beast
  4547 | D:3      | Found a faded altar of an unknown god.
  4712 | D:3      | Learned a level 2 spell: Wereblood
  4895 | D:4      | Slain by an ogre

Illustrated notes

Levels and vault maps discovered:
D:1:      dpeg_arrival_rooms_b, layout_rooms
D:2:      layout_basic, uniq_terence, uniq_jessica, uniq_robin
D:3:      layout_rooms, chequers_ecumenical_altar_simple
D:4:      layout_loops_corners, lexackson_kobold_supper, uniq_natasha
D:5:      minmay_general_purpose_star, layout_basic, okawaru_ov_weapons_minmay
D:6:      kennysheep_slugbush, layout_basic, tso_oasis_becter

Skill      XL: |  1  2  3  4  5  6 |
---------------+-------------------+-----
Unarmed Combat | 4 5 |  5.8
Transmutations | 3 4 |  4.0
Spellcasting   | 3 |  3.6
Fighting       | |  1.1
Dodging        | |  1.7

Action                   |  1- 3 |  4- 6 || total
-------------------------+-------+-------++-------
Melee: Unarmed           |   128 |   178 ||   306
       Tailslap          |    13 |    18 ||    31
       Kick              |    11 |    29 ||    40
       Headbutt          |    10 |    23 ||    33
       Punch             |       |     6 ||     6
 Cast: Beastly Appendage |    16 |    23 ||    39
 Stab: Sleeping          |     1 |       ||     1
Armor: Skin              |    42 |    30 ||    72
Dodge: Dodged            |    91 |    94 ||   185
